 Dungeon Crawl Stone Soup version 0.23-a0-586-gacb4b3f (webtiles) character file.

25 KristoblXynda the Insei (level 2, 0/26 HPs)
             Began as a Draconian Monk on Dec 18, 2018.
             Killed by nerve-wracking pain
             ... invoked by an orc priest
              (9 damage)
             ... on level 2 of the Dungeon.
             The game lasted 00:01:05 (884 turns).

KristoblXynda the Insei (Draconian Monk)             Turns: 884, Time: 00:01:06

Health: 0/26       AC:  4    Str: 13    XL:     2   Next: 82%
Magic:  2/2        EV: 13    Int: 10    God:
Gold:   48         SH:  0    Dex: 13    Spells: 1/1 levels left

rFire    + . .     SeeInvis .     - Unarmed
rCold    x . .     Gourm    .   (no shield)
rNeg     . . .     Faith    .   (armour unavailable)
rPois    .         Spirit   .   (helmet restricted)
rElec    .         Reflect  .   (no cloak)
rCorr    .         Harm     .   (no gloves)
MR       .....                  (no boots)
Stlth    ++........             (no amulet)
HPRegen  0.08/turn              f - ring of fire
MPRegen  0.08/turn              (no ring)

@: no status effects
A: unfitting armour, cold-blooded, AC +4
a: no special abilities


You were on level 2 of the Dungeon.
You were not hungry.

You visited 1 branch of the dungeon, and saw 2 of its levels.

You collected 48 gold pieces.

Inventory:

Jewellery
 f - a ring of fire (left hand)
Scrolls
 b - a scroll of teleportation {unknown}
 c - 2 scrolls of identify
 e - a scroll of magic mapping {unknown}
Potions
 d - a potion of ambrosia
Comestibles
 a - 2 rations


   Skills:
 - Level 3.2 Fighting
 + Level 3.1 Dodging
 + Level 2.3 Stealth
 + Level 3.3 Unarmed Combat


You had one spell level left.
You didn't know any spells.
Your spell library was empty.

Dungeon Overview and Level Annotations

Branches:
Dungeon (2/15)

Altars:


Innate Abilities, Weirdness & Mutations

Your plain brown scales are hard. (AC +4)
You cannot fit into any form of body armour.
You are cold-blooded and may be slowed by cold attacks.


Message History

The orc priest hits you with a +0 dagger.
A shadow imp comes into view.
An orc comes into view. It is wielding a +0 club.
You closely miss the orc priest.
The orc priest hits you with a +0 dagger.
You hit the orc priest but do no damage.
Your punch misses the orc priest.
The orc priest miscasts a cantrip.
You hit the orc priest but do no damage.
The orc priest barely misses you.
You hit the orc priest.
The orc priest is lightly wounded.
The orc priest mumbles some strange prayers to Beogh against you.
Beogh smites you!
You closely miss the orc priest.
Your tail-slap misses the orc priest.
The orc priest is lightly wounded.
The orc barely misses you.
The orc priest mumbles some strange prayers to Beogh against you.
Pain shoots through your body!
You die... ..# ... ## ####.. ....... ##...# .#o(. 8...8 Kr5

#...# #o#
#...######@#
##...##....o#
#8...8#.#####
#####...##.#
##..........#
.##.#........#
[......#.##..#
.##.#.##........
.>..#.....######


You could see an orc priest, a shadow imp, 2 orcs, a kobold and a rat.

Vanquished Creatures
  An ooze (D:1)
  A leopard gecko (D:1)
  4 bats
  2 giant cockroaches (D:1)
  A goblin (D:1)
  5 hobgoblins (D:1)
  2 frilled lizards (D:1)
  A kobold (D:1)
  A rat (D:1)
18 creatures vanquished.

Notes
Turn   | Place    | Note
-------+----------+-------------------------------------------
     0 | D:1      | KristoblXynda the Draconian Monk began the quest for the
                  | Orb.
     0 | D:1      | Reached XP level 1. HP: 19/19 MP: 1/1
   138 | D:1      | Reached XP level 2. HP: 23/26 MP: 2/2
   884 | D:2      | Killed from afar by an orc priest

Vault maps used:
D:1:      saegor_arrival_simple_e
D:2:      lemuel_zombie_altar_kikubaaqudgha, old_standard_altar,
          serial_corexii_hall, corexii_hall_statues_i, chequers_hall_statues_y

Skill      XL: |  1  2 |
---------------+-------+-----
Stealth        | 2 |  2.3
Dodging        | 3 |  3.1
Fighting       | |  3.2
Unarmed Combat | |  3.3

Action                   || total
-------------------------++-------
Melee: Unarmed           ||    73
       Tailslap          ||     6
  Use: Scroll            ||     1
 Stab: Sleeping          ||     4
Armor: Skin              ||    21
Dodge: Dodged            ||    59

Table legend:
 A = Non-vault XP
 B = Vault XP
 C = Vault XP percentage of total XP
 D = Non-vault monster count
 E = Vault monster count
 F = Vault count percentage of total count
                 A         B        C        D         E       F
            +---------+---------+-------+---------+---------+-------
      Total |      36 |       0 |   0.0 |      18 |       0 |   0.0
            +---------+---------+-------+---------+---------+-------
        D:1 |      33 |       0 |   0.0 |      16 |       0 |   0.0
        D:2 |       3 |       0 |   0.0 |       2 |       0 |   0.0
            +---------+---------+-------+---------+---------+-------
